 Dungeon Crawl Stone Soup version 0.30.0-5-g1a98f26d00 (webtiles) character file.

Game seed: 7050326897747246106

277 sircluck the Chopper (level 6, -10/55 HPs)
             Began as a Hill Orc Fighter on May 9, 2023.
             Was an Initiate of Beogh.
             Mangled by a troll (13 damage)
             ... on level 5 of the Dungeon.
             The game lasted 00:02:57 (3567 turns).

sircluck the Chopper (Hill Orc Fighter)             Turns: 3567, Time: 00:02:57

Health: -10/55     AC: 13    Str: 19 (21) XL:     6   Next: 25%
Magic:  6/6        EV:  5    Int:  6 (8)  God:    Beogh [......]
Gold:   180        SH:  4    Dex:  8 (10) Spells: 5/5 levels left

rFire   . . .        a - +0 war axe
rCold   . . .        c - +0 buckler
rNeg    . . .        v - +0 plate armour
rPois   +            g - +0 helmet
rElec   .            (no cloak)
rCorr   .            (no gloves)
SInv    .            (no boots)
Will    .....        (no amulet) Stlth
                     q - +4 ring of slaying
HPRegen 0.29/turn    t - ring of poison resistance
MPRegen 0.10/turn

%: no passive effects
@: no status effects
A: no striking features
a: Renounce Religion


You were on level 5 of the Dungeon.
You worshipped Beogh.
Beogh was noncommittal.
You visited 1 branch of the dungeon, and saw 5 of its levels.

You collected 180 gold pieces.

Inventory:

Hand Weapons
 a - a +0 war axe (weapon)
 r - the +4 hand axe "Poifaleh" {antimagic, +Blink Str+4 Int-5}
   (You found it on level 2 of the Dungeon)

   Str:       It affects your strength (+4).
   Int:       It affects your intelligence (-5).
   +Blink:    It lets you blink.
Missiles
 f - 42 stones (quivered)
Armour
 c - a +0 buckler (worn)
 g - a +0 helmet (worn)
 v - a +0 plate armour (worn)
 y - a +0 pair of gloves
Jewellery
 q - a +4 ring of slaying (left hand)
 t - a ring of poison resistance (right hand)
 u - a ring of wizardry
 A - a ring of flight
Wands
 D - a wand of roots (7)
Scrolls
 h - a scroll of summoning {unknown}
 j - a scroll of teleportation {unknown}
 k - 5 scrolls of identify {unknown}
 l - 2 scrolls of noise {unknown}
 o - a scroll of vulnerability {unknown}
 s - a scroll of silence {unknown}
 x - a scroll of brand weapon {unknown}
 z - 2 scrolls of amnesia {unknown}
 B - a scroll of fog {unknown}
Potions
 b - 2 potions of flight {unknown}
 d - a potion of might
 e - 3 potions of mutation {unknown}
 i - 4 potions of degeneration
 m - a potion of brilliance {unknown}
 n - 2 potions of heal wounds {unknown}
 p - 3 potions of curing {unknown}
 w - a potion of attraction {unknown}
 C - a potion of haste {unknown}


   Skills:
 + Level 4.8 Fighting
 + Level 5.6 Axes
 + Level 4.6 Armour
 + Level 0.6 Dodging
 + Level 0.4 Stealth
 + Level 3.9 Shields


You had 5 spell levels left.
You didn't know any spells.
Your spell library contained the following spells:

 Spells                   Type           Power      Damage    Failure   Level
 Summon Small Mammal      Summ           0%         N/A       100%        1
 Lesser Beckoning         Tloc           0%         N/A       100%        2
 Call Canine Familiar     Summ           0%         N/A       100%        3
 Gell's Gravitas          Tloc           0%         N/A       100%        3
 Summon Guardian Golem    Hex/Summ       0%         N/A       100%        3
 Teleport Other           Tloc           0%         N/A       100%        3


Dungeon Overview and Level Annotations

Branches:
Dungeon (5/15)
 Temple: D:4-7

Altars:
Cheibriados
Dithmenos
Uskayaw

Shops:
D:2 *


Message History

You feel magic returning to you.
a - a +0 war axe (weapon)
A troll comes into view.
A troll is nearby!
A troll is nearby!
The troll shouts!
The troll bites you. The troll claws you.
The troll claws you but does no damage.
A troll is nearby!
You hit the troll.
The troll is lightly wounded.
You block the troll's attack. The troll claws you.
The troll closely misses you.
You slice the troll!!
The troll is heavily wounded.
The troll bites you. The troll barely misses you. The troll claws you.
The troll bites you! The troll claws you!
* * * LOW HITPOINT WARNING * * *
The troll claws you.
* * * LOW HITPOINT WARNING * * *
Aiming: Fastroot
Press: ? - help, Q - select action, (/) - cycle Shift-Dir - straight line The roots erupt in riotous growth!
Roots grab the troll.
The grasping roots constrict the troll.
You hear a shout! x3
The troll closely misses you. The troll barely misses you. The troll claws you.
* * * LOW HITPOINT WARNING * * *
The grasping roots constrict the troll.
The roots release their grip on the troll.
You closely miss the troll.
The troll is severely wounded.
The troll bites you.
* * * LOW HITPOINT WARNING * * *
You block the troll's attack. The troll claws you but does no damage.
It was a potion of degeneration.
There was something very wrong with that liquid.
You feel weakened.
You feel dopey.
You feel clumsy. The troll bites you!
You die...

#......######...##
#............#.##
#..####.####...#
##.....##[### .
#.......#.#
#.#.......#.#
#....._.....#
#.#.......#)#
#.#.....@.#... #
##...T)##...
###.### ....
#...## #..# #.# #.
#


You could see a troll.

Vanquished Creatures
  A kobold brigand (D:3)
  A scorpion (D:4)
  A howler monkey (D:5)
  4 adders
  A gnoll (D:1)
  A worm (D:2)
  7 orcs
  3 endoplasms
  3 giant cockroaches
  8 goblins
  2 hobgoblins
  7 jackals
  12 kobolds
  A quokka (D:2)
  4 ball pythons
  4 bats
  4 rats (D:1)
64 creatures vanquished.

Notes
Turn   | Place    | Note
-------+----------+-------------------------------------------
     0 | D:1      | sircluck the Hill Orc Fighter began the quest for the Orb.
     0 | D:1      | Reached XP level 1. HP: 19/19 MP: 1/1
   131 | D:1      | Reached XP level 2. HP: 23/27 MP: 2/2
   204 | D:1      | Reached skill level 3 in Axes
   724 | D:1      | Reached XP level 3. HP: 29/33 MP: 3/3
   867 | D:1      | Found a faded altar of an unknown god.
  1029 | D:2      | Found Miexer's Assorted Antiques.
  1126 | D:2      | Reached skill level 4 in Axes
  1550 | D:2      | Reached XP level 4. HP: 35/40 MP: 4/4
  1556 | D:2      | Identified the +4 hand axe "Poifaleh" {antimagic, +Blink
                  | Str+4 Int-5}
  2305 | D:3      | Noticed a kobold brigand
  2319 | D:3      | Killed a kobold brigand
  2320 | D:3      | Reached XP level 5. HP: 33/47 MP: 1/5
  2457 | D:3      | Became a worshipper of Beogh the Brigand
  2968 | D:4      | Reached skill level 5 in Axes
  3032 | D:4      | Found a hide-covered altar of Uskayaw.
  3115 | D:4      | Found a snail-covered altar of Cheibriados.
  3447 | D:5      | Entered Level 5 of the Dungeon
  3450 | D:5      | Reached XP level 6. HP: 53/53 MP: 2/6
  3497 | D:5      | Found a shadowy altar of Dithmenos.
  3527 | D:5      | Identified the +6 whip of Hell's Wrath {pain, Fly rF+ rCorr
                  | Dex+2}
  3560 | D:5      | Noticed a troll
  3566 | D:5      | HP: 2/55 [troll (4)]
  3567 | D:5      | Mangled by a troll

Illustrated notes

Levels and vault maps discovered:
D:1:      co_arrival_square_in_a_square_in_a_square, layout_loops_ring,
          shapermc_ecumenical_altar_hornbeckon
D:2:      layout_loops_corners, serial_shops, shop
D:3:      cheibrodos_thug_alley, layout_basic
D:4:      layout_basic, nicolae_uskayaw_dance_hall, kennysheep_mini_moat
D:5:      cheibrodos_fzero, layout_loops_ring, overflow_temple_1_default,
          old_standard_altar, uniq_duvessa, uniq_grinder, uniq_edmund

Skill      XL: |  1  2  3  4  5 |
---------------+----------------+-----
Axes           | 3 4 5 |  5.6
Fighting       | 4 |  4.8
Armour         | 4 |  4.6
Dodging        | |  0.6
Stealth        | |  0.4
Shields        | |  3.9

Action                     |  1- 3 |  4- 6 || total
---------------------------+-------+-------++-------
  Melee: War axe           |    94 |     4 ||    98
         Hand axe          |       |    84 ||    84
 Invoke: Convert to Beogh  |       |     1 ||     1
  Evoke: Wand              |       |     1 ||     1
    Use: Potion            |       |     1 ||     1
 Armour: Scale mail        |    44 |    15 ||    59
         Plate armour      |       |    24 ||    24
  Dodge: Dodged            |    38 |    38 ||    76
  Block: Buckler           |    26 |    21 ||    47
